Workbook

Sheet Fin Summary - Operating
B1: General Fund Financial Overview: August 2026 - OPERATING | I1: UNAUDITED
B3: Monthly | I3: Annual FY27
B4: 46235 | C4: Budget | D4: $OverBud | E4: % of Budget | G4: Revenue | I4: August 2026 | J4: YTD Budget | K4: $OverBud | L4: % of YTD Budget | N4: Annual Budget | O4: $OverBud | P4: % of Annual Budget
B6: =+'Full Data New'!B5 -> 46614.15 | C6: =+'Full Data New'!C5 -> 68000 | D6: =B6-C6 -> -21385.85 | E6: =+B6/C6 -> 0.68550221 | G6: Transfer Tax | I6: =+'Full Data New'!D4 -> 523318.44 | J6: =+'Full Data New'!E4 -> 357000 | K6: =I6-J6 -> 166318.44 | L6: =+I6/J6 -> 1.465878 | N6: 850000 | O6: =I6-N6 -> -326681.56 | P6: =+I6/N6 -> 0.61566875
B7: =+'Full Data New'!B7 -> 1110.59 | C7: =+'Full Data New'!C7 -> 1900 | D7: =B7-C7 -> -789.41 | E7: =+B7/C7 -> 0.58452105 | G7: Accommodation Tax | I7: =+'Full Data New'!D7 -> 75166.96 | J7: =+'Full Data New'!E7 -> 75300 | K7: =I7-J7 -> -133.04 | L7: =+I7/J7 -> 0.9982332 | N7: 825000 | O7: =I7-N7 -> -749833.04 | P7: =+I7/N7 -> 0.091111467
B8: =+'Full Data New'!B9 -> 125317.92 | C8: =+'Full Data New'!C9 -> 105550 | D8: =B8-C8 -> 19767.92 | E8: =+B8/C8 -> 1.1872849 | G8: Hotel Tax | I8: =+'Full Data New'!D9 -> 271030.38 | J8: =+'Full Data New'!E9 -> 235200 | K8: =I8-J8 -> 35830.38 | L8: =+I8/J8 -> 1.1523401 | N8: 475000 | O8: =I8-N8 -> -203969.62 | P8: =+I8/N8 -> 0.57059027
B9: =+'Full Data New'!B10 -> 15511 | C9: =+'Full Data New'!C10 -> 17030 | D9: =B9-C9 -> -1519 | E9: =+B9/C9 -> 0.91080446 | G9: Business Licenses | I9: =+'Full Data New'!D10 -> 606738.7 | J9: =+'Full Data New'!E10 -> 581900 | K9: =I9-J9 -> 24838.7 | L9: =+I9/J9 -> 1.0426855 | N9: 629826 | O9: =I9-N9 -> -23087.3 | P9: =+I9/N9 -> 0.96334337
B10: =+'Full Data New'!B14 -> 785407.41 | C10: =+'Full Data New'!C14 -> 402978 | D10: =B10-C10 -> 382429.41 | E10: =+B10/C10 -> 1.9490082 | G10: Parking Permits & Meters | I10: =+'Full Data New'!D14 -> 1811954.2 | J10: =+'Full Data New'!E14 -> 1874364 | K10: =I10-J10 -> -62409.78 | L10: =+I10/J10 -> 0.96670349 | N10: 2087740 | O10: =I10-N10 -> -275785.78 | P10: =+I10/N10 -> 0.86790224
B11: =+'Full Data New'!B18 -> 61973.7 | C11: =+'Full Data New'!C18 -> 19000 | D11: =B11-C11 -> 42973.7 | E11: =+B11/C11 -> 3.2617737 | G11: Building Permits | I11: =+'Full Data New'!D18 -> 310704.03 | J11: =+'Full Data New'!E18 -> 160225 | K11: =I11-J11 -> 150479.03 | L11: =+I11/J11 -> 1.9391732 | N11: 500000 | O11: =I11-N11 -> -189295.97 | P11: =+I11/N11 -> 0.62140806
B12: =+'Full Data New'!B20 -> 141364.3 | C12: =+'Full Data New'!C20 -> 89550 | D12: =B12-C12 -> 51814.3 | E12: =+B12/C12 -> 1.5786075 | G12: Total Fines | I12: =+'Full Data New'!D20 -> 466109.59 | J12: =+'Full Data New'!E20 -> 295725 | K12: =I12-J12 -> 170384.59 | L12: =+I12/J12 -> 1.5761589 | N12: 514500 | O12: =I12-N12 -> -48390.41 | P12: =+I12/N12 -> 0.90594672
B13: =+'Full Data New'!$B$26-'Full Data New'!$B$34-'Full Data New'!$B$43 -> 144137.05 | C13: =+'Full Data New'!$B$26-'Full Data New'!$B$34-'Full Data New'!$B$36-'Full Data New'!$B$37-'Full Data New'!$B$42-'Full Data New'!$B$43 -> 114255 | D13: =B13-C13 -> 29882.05 | E13: =+B13/C13 -> 1.2615382 | G13: All Other Revenue | I13: =+'Full Data New'!$D$26-'Full Data New'!$D$34-'Full Data New'!$D$43 -> 503403.58 | J13: =+'Full Data New'!$D$26-'Full Data New'!$D$34-'Full Data New'!$D$36-'Full Data New'!$D$37-'Full Data New'!$D$42-'Full Data New'!$D$43 -> 398565.15 | K13: =I13-J13 -> 104838.43 | L13: =+I13/J13 -> 1.2630396 | N13: =6656566-5882066 -> 774500 | O13: =I13-N13 -> -271096.42 | P13: =+I13/N13 -> 0.64997234
B14: =SUM(B6:B13) -> 1321436.1 | C14: =SUM(C6:C13) -> 818263 | D14: =SUM(D6:D13) -> 503173.12 | E14: =+B14/C14 -> 1.6149284 | G14: Total Revenue | I14: =SUM(I6:I13) -> 4568425.9 | J14: =SUM(J6:J13) -> 3978279.1 | K14: =SUM(K6:K13) -> 590146.75 | L14: =+I14/J14 -> 1.1483422 | N14: =SUM(N6:N13) -> 6656566 | O14: =SUM(O6:O13) -> -2088140.1 | P14: =+I14/N14 -> 0.6863037
B16: =+B10*F16 -> 102102.96 | C16: =+C10*F16 -> 52387.14 | D16: =B16-C16 -> 49715.823 | E16: =+B16/C16 -> 1.9490082 | F16: 0.13 | G16: Parking to Rainy Day Fund ($182,222 Max) | I16: =MIN(+I10*F16,182222) -> 182222 | J16: =+J10*F16 -> 243667.32 | K16: =+I16-J16 -> -61445.32 | L16: 0 | N16: 124000 | O16: =I16-N16 -> 58222 | P16: =+I16/N16 -> 1.4695323
B17: =+B11*F17 -> 12394.74 | C17: =+C11*F17 -> 3800 | D17: =B17-C17 -> 8594.74 | E17: =+B17/C17 -> 3.2617737 | F17: 0.2 | G17: Building Permints - to Streets & Infrastructure | I17: =+I11*F17 -> 62140.806 | J17: =+J11*F17 -> 32045 | K17: =+I17-J17 -> 30095.806 | L17: =+I17/J17 -> 1.9391732 | N17: =+F17*N11 -> 100000 | O17: =I17-N17 -> -37859.194 | P17: =+I17/N17 -> 0.62140806
B18: =+B8*F18 -> 62658.96 | C18: =+C8*F18 -> 52775 | D18: =B18-C18 -> 9883.96 | E18: =+B18/C18 -> 1.1872849 | F18: 0.5 | G18: Hotel Tax - to Capital Improvements - Town Hall | I18: =+I8*F18 -> 135515.19 | J18: =+J8*F18 -> 117600 | K18: =+I18-J18 -> 17915.19 | L18: 0 | N18: =+F18*N8 -> 237500 | O18: =I18-N18 -> -101984.81 | P18: =+I18/N18 -> 0.57059027
B19: =SUM(B16:B18) -> 177156.66 | C19: =SUM(C16:C18) -> 108962.14 | D19: =SUM(D11:D18) -> 696037.69 | E19: =+B19/C19 -> 1.6258552 | G19: Allocations | I19: =SUM(I16:I18) -> 379878 | J19: =SUM(J16:J18) -> 393312.32 | K19: =SUM(K16:K18) -> -13434.324 | L19: =+I19/J19 -> 0.96584311 | N19: =SUM(N16:N18) -> 461500 | O19: =SUM(O16:O18) -> -81622.004 | P19: =+I19/N19 -> 0.82313759
B21: =+B14-B19 -> 1144279.5 | C21: =+C14-C19 -> 709300.86 | D21: =+D14-D19 -> -192864.57 | E21: =+B21/C21 -> 1.6132498 | G21: Net Revenues | I21: =+I14-I19 -> 4188547.9 | J21: =+J14-J19 -> 3584966.8 | K21: =+K14-K19 -> 603581.07 | L21: =+I21/J21 -> 1.1683645 | N21: =+N14-N19 -> 6195066 | O21: =+O14-O19 -> -2006518.1 | P21: =+I21/N21 -> 0.6761103
B23: =+B4 -> 46235 | C23: Budget | D23: $OverBud | G23: Expenses | I23: =I4 -> August 2026 | J23: =J4 -> YTD Budget | K23: $OverBud | L23: % of Budget | N23: Annual Budget | O23: $OverBud | P23: % of Annual Budget
B24: =SUM('Full Data New'!B52:B80)-'Full Data New'!B79-'Full Data New'!B61-'Full Data New'!B53 -> 67317.59 | C24: =SUM('Full Data New'!C52:C80)-'Full Data New'!C79-'Full Data New'!C61-'Full Data New'!C53 -> 88841 | D24: =+B24-C24 -> -21523.41 | E24: =+B24/C24 -> 0.75773112 | G24: Town Administrative Expenses | I24: =SUM('Full Data New'!D52:D80)-'Full Data New'!D79-'Full Data New'!D53 -> 443000.96 | J24: =SUM('Full Data New'!E52:E80)-'Full Data New'!E79-'Full Data New'!E61-'Full Data New'!E53 -> 328153 | K24: =I24-J24 -> 114847.96 | L24: =+I24/J24 -> 1.349983 | N24: 421000 | O24: =I24-N24 -> 22000.96 | P24: =+I24/N24 -> 1.0522588
B25: =+SUM('Full Data New'!B82:B90)-SUM('Full Data New'!B87:B90) -> 3209.68 | C25: =+SUM('Full Data New'!C82:C90)-SUM('Full Data New'!C87:C90) -> 8125 | D25: =+B25-C25 -> -4915.32 | E25: =+B25/C25 -> 0.39503754 | G25: Town Operating Expenses | I25: =+SUM('Full Data New'!D82:D90)-SUM('Full Data New'!D87:D90) -> 57617.17 | J25: =+SUM('Full Data New'!E82:E90)-SUM('Full Data New'!E87:E90) -> 40624 | K25: =I25-J25 -> 16993.17 | L25: =+I25/J25 -> 1.4183037 | N25: 97500 | O25: =I25-N25 -> -39882.83 | P25: =+I25/N25 -> 0.59094533
B26: =SUM(B24:B25) -> 70527.27 | C26: =SUM(C24:C25) -> 96966 | D26: =+B26-C26 -> -26438.73 | E26: =+B26/C26 -> 0.7273402 | G26: Total Town Expenses | I26: =SUM(I24:I25) -> 500618.13 | J26: =SUM(J24:J25) -> 368777 | K26: =SUM(K24:K25) -> 131841.13 | L26: =+I26/J26 -> 1.3575091 | N26: =SUM(N24:N25) -> 518500 | O26: =SUM(O24:O25) -> -17881.87 | P26: =+I26/N26 -> 0.9655123
B28: =SUM('Full Data New'!B93:B99) -> 42935.58 | C28: =SUM('Full Data New'!C93:C99) -> 42650 | D28: =B28-C28 -> 285.58 | E28: =+B28/C28 -> 1.0066959 | G28: Admin Employee Expenses | I28: =SUM('Full Data New'!D93:D99) -> 238542.59 | J28: =SUM('Full Data New'!E93:E99) -> 230767 | K28: =I28-J28 -> 7775.59 | L28: =+I28/J28 -> 1.0336945 | N28: 546832 | O28: =I28-N28 -> -308289.41 | P28: =+I28/N28 -> 0.43622646
B29: =SUM('Full Data New'!B101:B103) -> 1663.43 | C29: =SUM('Full Data New'!C101:C103) -> 1091 | D29: =B29-C29 -> 572.43 | E29: =+B29/C29 -> 1.5246838 | G29: Seasonal Admin Employee Expenses | I29: =+SUM('Full Data New'!D101:D103) -> 5528.04 | J29: =+SUM('Full Data New'!E101:E103) -> 3821 | K29: =I29-J29 -> 1707.04 | L29: =+I29/J29 -> 1.4467522 | N29: 5465 | O29: =I29-N29 -> 63.04 | P29: =+I29/N29 -> 1.0115352
B30: =+SUM('Full Data New'!B105:B107) -> 351.74 | C30: =+SUM('Full Data New'!C105:C107) -> 6877 | D30: =B30-C30 -> -6525.26 | E30: =+B30/C30 -> 0.051147303 | G30: All Other Admin Expense | I30: =+SUM('Full Data New'!D105:D107) -> 22304.28 | J30: =+SUM('Full Data New'!E105:E107) -> 34373 | K30: =I30-J30 -> -12068.72 | L30: =+I30/J30 -> 0.64888954 | N30: 430500 | O30: =I30-N30 -> -408195.72 | P30: =+I30/N30 -> 0.051810174
B31: =SUM(B28:B30) -> 44950.75 | C31: =SUM(C28:C30) -> 50618 | D31: =+B31-C31 -> -5667.25 | E31: =+B31/C31 -> 0.88803884 | G31: Total Administration Expenses | I31: =SUM(I28:I30) -> 266374.91 | J31: =SUM(J28:J30) -> 268961 | K31: =SUM(K28:K30) -> -2586.09 | L31: =+I31/J31 -> 0.99038489 | N31: =SUM(N28:N30) -> 982797 | O31: =SUM(O28:O30) -> -716422.09 | P31: =+I31/N31 -> 0.27103757
B33: =SUM('Full Data New'!B111:B120) -> 169131.88 | C33: =SUM('Full Data New'!C111:C120) -> 182561 | D33: =B33-C33 -> -13429.12 | E33: =+B33/C33 -> 0.92644037 | G33: Police Employee Expenses | I33: =SUM('Full Data New'!D111:D120) -> 945958.19 | J33: =SUM('Full Data New'!E111:E120) -> 964561 | K33: =I33-J33 -> -18602.81 | L33: =+I33/J33 -> 0.9807137 | N33: 2198569 | O33: =I33-N33 -> -1252610.8 | P33: =+I33/N33 -> 0.43026086
B34: =SUM('Full Data New'!B122:B128) -> 35064.57 | C34: =SUM('Full Data New'!C122:C128) -> 43810 | D34: =B34-C34 -> -8745.43 | E34: =+B34/C34 -> 0.80037822 | G34: Police Admin Employee Expenses | I34: =SUM('Full Data New'!D122:D128) -> 210759.8 | J34: =SUM('Full Data New'!E122:E128) -> 234184 | K34: =I34-J34 -> -23424.2 | L34: =+I34/J34 -> 0.89997523 | N34: 555977 | O34: =I34-N34 -> -345217.2 | P34: =+I34/N34 -> 0.37908007
B35: =SUM('Full Data New'!B130:B135) -> 47328.39 | C35: =SUM('Full Data New'!C130:C135) -> 26432 | D35: =B35-C35 -> 20896.39 | E35: =+B35/C35 -> 1.7905717 | G35: Seasonal Police Employee Expenses | I35: =SUM('Full Data New'!D130:D135) -> 216352.6 | J35: =SUM('Full Data New'!E130:E135) -> 156772 | K35: =I35-J35 -> 59580.6 | L35: =+I35/J35 -> 1.3800462 | N35: 209665 | O35: =I35-N35 -> 6687.6 | P35: =+I35/N35 -> 1.0318966
B36: =SUM('Full Data New'!B137:B148) -> 31494.25 | C36: =SUM('Full Data New'!C137:C148) -> 29418 | D36: =B36-C36 -> 2076.25 | E36: =+B36/C36 -> 1.0705775 | G36: All Other Police Expenses | I36: =SUM('Full Data New'!D137:D148) -> 145518.9 | J36: =SUM('Full Data New'!E137:E148) -> 154086 | K36: =I36-J36 -> -8567.1 | L36: =+I36/J36 -> 0.94440053 | N36: 389500 | O36: =I36-N36 -> -243981.1 | P36: =+I36/N36 -> 0.37360436
B37: =SUM(B33:B36) -> 283019.09 | C37: =SUM(C33:C36) -> 282221 | D37: =+B37-C37 -> 798.09 | E37: =+B37/C37 -> 1.0028279 | G37: Total Police Expenses | I37: =SUM(I33:I36) -> 1518589.5 | J37: =SUM(J33:J36) -> 1509603 | K37: =SUM(K33:K36) -> 8986.49 | L37: =+I37/J37 -> 1.0059529 | N37: =SUM(N33:N36) -> 3353711 | O37: =SUM(O33:O36) -> -1835121.5 | P37: =+I37/N37 -> 0.45280869
B39: =SUM('Full Data New'!B152:B158) -> 14551.28 | C39: =SUM('Full Data New'!C152:C158) -> 16693 | D39: =B39-C39 -> -2141.72 | E39: =+B39/C39 -> 0.87169951 | G39: Maintenance Employee Expenses | I39: =SUM('Full Data New'!D152:D158) -> 77663.53 | J39: =SUM('Full Data New'!E152:E158) -> 88328 | K39: =I39-J39 -> -10664.47 | L39: =+I39/J39 -> 0.87926286 | N39: 210037 | O39: =I39-N39 -> -132373.47 | P39: =+I39/N39 -> 0.36976118
B40: =SUM('Full Data New'!B160:B164) -> 2730.69 | C40: =SUM('Full Data New'!C160:C164) -> 2205 | D40: =B40-C40 -> 525.69 | E40: =+B40/C40 -> 1.2384082 | G40: Seasonal Maintenance Employee Expenses | I40: =SUM('Full Data New'!D160:D164) -> 15289.43 | J40: =SUM('Full Data New'!E160:E164) -> 9935 | K40: =I40-J40 -> 5354.43 | L40: =+I40/J40 -> 1.5389461 | N40: 11200 | O40: =I40-N40 -> 4089.43 | P40: =+I40/N40 -> 1.3651277
B41: =SUM('Full Data New'!B166:B171) -> 657.11 | C41: =SUM('Full Data New'!C166:C171) -> 887.5 | D41: =B41-C41 -> -230.39 | E41: =+B41/C41 -> 0.74040563 | G41: All Other Maintenance Expenses | I41: =SUM('Full Data New'!D166:D171) -> 8004.81 | J41: =SUM('Full Data New'!E166:E171) -> 4436.5 | K41: =I41-J41 -> 3568.31 | L41: =+I41/J41 -> 1.8043074 | N41: 10650 | O41: =I41-N41 -> -2645.19 | P41: =+I41/N41 -> 0.75162535
B42: =SUM(B39:B41) -> 17939.08 | C42: =SUM(C39:C41) -> 19785.5 | D42: =SUM(D39:D41) -> -1846.42 | E42: =+B42/C42 -> 0.90667812 | G42: Total Maintenance Expenses | I42: =SUM(I39:I41) -> 100957.77 | J42: =SUM(J39:J41) -> 102699.5 | K42: =SUM(K39:K41) -> -1741.73 | L42: =+I42/J42 -> 0.98304052 | N42: =SUM(N39:N41) -> 231887 | O42: =SUM(O39:O41) -> -130929.23 | P42: =+I42/N42 -> 0.43537486
B44: =SUM('Full Data New'!B174:B179) -> 7419.36 | C44: =SUM('Full Data New'!C174:C179) -> 10408 | D44: =B44-C44 -> -2988.64 | E44: =+B44/C44 -> 0.71285165 | G44: Parking Enforcement Employee Expenses | I44: =SUM('Full Data New'!D174:D179) -> 57649.25 | J44: =SUM('Full Data New'!E174:E179) -> 55853 | K44: =I44-J44 -> 1796.25 | L44: =+I44/J44 -> 1.0321603 | N44: 132015 | O44: =I44-N44 -> -74365.75 | P44: =+I44/N44 -> 0.43668712
B45: =SUM('Full Data New'!B181:B185) -> 34294.54 | C45: =SUM('Full Data New'!C181:C185) -> 19880 | D45: =B45-C45 -> 14414.54 | E45: =+B45/C45 -> 1.7250775 | G45: Seasonal Parking Employee Expenses | I45: =SUM('Full Data New'!D181:D185) -> 130912.87 | J45: =SUM('Full Data New'!E181:E185) -> 93479 | K45: =I45-J45 -> 37433.87 | L45: =+I45/J45 -> 1.4004522 | N45: 123525 | O45: =I45-N45 -> 7387.87 | P45: =+I45/N45 -> 1.0598087
B46: =SUM('Full Data New'!B187:B188) -> 120.86 | C46: =SUM('Full Data New'!C187:C188) -> 125 | D46: =B46-C46 -> -4.14 | E46: =+B46/C46 -> 0.96688 | G46: All Other Parking Enforcement Expenses | I46: =SUM('Full Data New'!D187:D188) -> 337.02 | J46: =SUM('Full Data New'!E187:E188) -> 626 | K46: =I46-J46 -> -288.98 | L46: =+I46/J46 -> 0.53837061 | N46: 4000 | O46: =I46-N46 -> -3662.98 | P46: =+I46/N46 -> 0.084255
B47: =SUM(B44:B46) -> 41834.76 | C47: =SUM(C44:C46) -> 30413 | D47: =+B47-C47 -> 11421.76 | E47: =+B47/C47 -> 1.3755552 | G47: Total Parking Enforcement Expenses | I47: =SUM(I44:I46) -> 188899.14 | J47: =SUM(J44:J46) -> 149958 | K47: =SUM(K44:K46) -> 38941.14 | L47: =+I47/J47 -> 1.2596803 | N47: =SUM(N44:N46) -> 259540 | O47: =SUM(O44:O46) -> -70640.86 | P47: =+I47/N47 -> 0.72782284
B49: =+'Full Data New'!B189 -> 3473.3 | C49: =+'Full Data New'!C189 -> 13788 | D49: =+B49-C49 -> -10314.7 | E49: =+B49/C49 -> 0.25190746 | G49: Total BuildingOfficial Expenses | I49: =+'Full Data New'!D189 -> 19574.64 | J49: =+'Full Data New'!E189 -> 73858 | K49: =I49-J49 -> -54283.36 | L49: =+I49/J49 -> 0.26503073 | N49: 175289 | O49: =I49-N49 -> -155714.36 | P49: =+I49/N49 -> 0.11167067
B51: =+'Full Data New'!B199 -> 3697.72 | C51: =+'Full Data New'!C199 -> 2513 | D51: =+B51-C51 -> 1184.72 | E51: =+B51/C51 -> 1.4714365 | G51: Total Alderman Court Expenses | I51: =+'Full Data New'!D199 -> 18251.32 | J51: =+'Full Data New'!E199 -> 13818 | K51: =I51-J51 -> 4433.32 | L51: =+I51/J51 -> 1.3208366 | N51: 32710 | O51: =I51-N51 -> -14458.68 | P51: =+I51/N51 -> 0.55797371
B53: =SUM('Full Data New'!B207:B210) -> 2334.38 | C53: =SUM('Full Data New'!C207:C210) -> 2399.75 | D53: =B53-C53 -> -65.37 | E53: =+B53/C53 -> 0.97275966 | G53: Lifeguard Employee Expenses | I53: =SUM('Full Data New'!D207:D210) -> 12970.92 | J53: =SUM('Full Data New'!E207:E210) -> 13115.75 | K53: =I53-J53 -> -144.83 | L53: =+I53/J53 -> 0.98895755 | N53: 31032 | O53: =I53-N53 -> -18061.08 | P53: =+I53/N53 -> 0.41798531
B54: =SUM('Full Data New'!B212:B218) -> 136961.9 | C54: =SUM('Full Data New'!C212:C218) -> 102968 | D54: =B54-C54 -> 33993.9 | E54: =+B54/C54 -> 1.3301404 | G54: Seasonal Lifeguard Employee Expenses | I54: =SUM('Full Data New'!D212:D218) -> 511425.22 | J54: =SUM('Full Data New'!E212:E218) -> 465836 | K54: =I54-J54 -> 45589.22 | L54: =+I54/J54 -> 1.0978654 | N54: 544578 | O54: =I54-N54 -> -33152.78 | P54: =+I54/N54 -> 0.93912207
B55: =SUM('Full Data New'!B220:B229)+'Full Data New'!B231 -> 1101.53 | C55: =SUM('Full Data New'!C220:C229)+'Full Data New'!C231 -> 1317 | D55: =B55-C55 -> -215.47 | E55: =+B55/C55 -> 0.83639332 | G55: All Other Lifeguard & LSS Expense | I55: =SUM('Full Data New'!D220:D229)+'Full Data New'!D231 -> 25283.51 | J55: =SUM('Full Data New'!E220:E229)+'Full Data New'!E231 -> 22084 | K55: =I55-J55 -> 3199.51 | L55: =+I55/J55 -> 1.1448791 | N55: 33300 | O55: =I55-N55 -> -8016.49 | P55: =+I55/N55 -> 0.75926456
B56: =B55+B54+B53 -> 140397.81 | C56: =C55+C54+C53 -> 106684.75 | D56: =+B56-C56 -> 33713.06 | E56: =+B56/C56 -> 1.3160064 | G56: Total Lifeguard & LSS Expenses | I56: =SUM(I53:I55) -> 549679.65 | J56: =SUM(J53:J55) -> 501035.75 | K56: =K55+K54+K53 -> 48643.9 | L56: =+I56/J56 -> 1.0970867 | N56: =N55+N54+N53 -> 608910 | O56: =O55+O54+O53 -> -59230.35 | P56: =+I56/N56 -> 0.90272725
B58: =+B56+B51+B49+B47+B42+B37+B31+B26 -> 605839.78 | C58: =+C56+C51+C49+C47+C42+C37+C31+C26 -> 602989.25 | D58: =B58-C58 -> 2850.53 | G58: Total Expense | I58: =+I56+I51+I49+I47+I42+I37+I31+I26 -> 3162945 | J58: =+J56+J51+J49+J47+J42+J37+J31+J26 -> 2988710.2 | K58: =I58-J58 -> 174234.8 | L58: =+I58/J58-1 -> 0.058297655 | N58: =+N56+N51+N49+N47+N42+N37+N31+N26 -> 6163344 | O58: =I58-N58 -> -3000399
B60: =+B21-B58 -> 538439.68 | C60: =+C21-C58 -> 106311.61 | D60: =B60-C60 -> 432128.07 | G60: Net Operating Budget Performance | I60: =+I21-I58 -> 1025602.9 | J60: =+J21-J58 -> 596256.58 | K60: =+K21-K58 -> 429346.27 | N60: =+N21-N58 -> 31722 | O60: =I60-N60 -> 993880.85
D62: Set Asides: | F62: Transfer to Streets / Infrastructure
G63: 3% Transfer Tax | I63: =-I6*0.03 -> -15699.553 | J63: =-J6*0.03 -> -10710 | L63: 3% Transfer Tax | N63: -23100
G64: 20% Building Permits | I64: =-0.2*I11 -> -62140.806 | J64: =-0.2*J11 -> -32045 | L64: 20% Building Permits | N64: -38500
G65: 5% Daily & Seasonal Permits | I65: =995729*-0.05 -> -49786.45 | J65: =-0.05*(755000) -> -37750 | L65: 5% Daily & Seasonal Permits | N65: -37750
F66: Total to Streets / Infrastructure | I66: =-SUM(I63:I65) -> 127626.81 | J66: =-SUM(J63:J65) -> 80505 | N66: 99350
F68: Capital Improvements
G69: Hotel Tax (50%) | I69: =-I8*0.5 -> -135515.19 | J69: =-J8*0.5 -> -117600 | L69: Hotel Tax (50%) | N69: -50000
F70: Total for Captial Improvements | I70: =-I69 -> 135515.19 | J70: =-J69 -> 117600 | N70: 50000
G73: Net Operations | I73: =+I60-I66-I70 -> 762460.85 | J73: =+J60-J66-J70 -> 398151.58 | N73: -114634
B77: Rainy Day | G77: Full to Operating
B78: Begnning | D78: 2899450
B79: Set Aside | D79: =+I16 -> 182222
B80: Ending | D80: =+D78+D79 -> 3081672 | E80: 34 | G80: =+'Full Data New'!A34 -> 10-404-0300 - Interest Income - TOWN HALL | H80: t | I80: =+'Full Data New'!D34 -> 60167.61
E81: 43 | G81: =+'Full Data New'!A43 -> 10-404-1000 - Town Hall Other | H81: t | I81: =+'Full Data New'!D43 -> 1138555.6 | J81: =SUM(I80:I81) -> 1198723.2 | K81: =+J81+I14 -> 5767149.1
B82: Streets & Inrfastructure (s) | N82: =SUM(N78:N81) -> 0
B83: Beginning | D83: 717614 | E83: 53 | G83: =+'Full Data New'!A53 -> 10-601-0150 - Bank Interest - LOAN | H83: t | I83: =+'Full Data New'!D53 -> 28589.17
B84: Set Aside | D84: =+I17 -> 62140.806 | E84: 79 | G84: =+'Full Data New'!A79 -> 10-601-1700 - Professional Fees - COMP PLAN | H84: c | I84: =+'Full Data New'!D79 -> 20000
B85: Changes | D85: =-I87-I88 -> -515817.73 | E85: 87 | G85: =+'Full Data New'!A87 -> 10-601-2700 - Town Hall Property Expenses | H85: t | I85: =+'Full Data New'!D87 -> -51.62
B86: Ending | D86: =+D84+D85+D83 -> 263937.08 | E86: 88 | G86: =+'Full Data New'!A88 -> 10-601-2725 - Rental Expense | H86: t | I86: =+'Full Data New'!D88 -> 2508.99
E87: 89 | G87: =+'Full Data New'!A89 -> 10-601-2750 - Town Street Projects | H87: s | I87: =+'Full Data New'!D89 -> 3070.75
B88: Comprehensive Plan (c) | E88: 90 | G88: =+'Full Data New'!A90 -> 10-601-2800 - Storm Water / Street Flooding | H88: s | I88: =+'Full Data New'!D90 -> 512746.98
B89: Beginning | D89: 45000 | E89: 108 | G89: =+'Full Data New'!A108 -> 10-602-2050 - Equipment / Asset - Depreciable | H89: t | I89: =+'Full Data New'!D108 -> 3766256.4
B90: Changes | D90: =-I84 -> -20000 | E90: 149 | G90: =+'Full Data New'!A149 -> 10-603-2050 - Equipment / Asset - Depreciable | H90: p | I90: =+'Full Data New'!D149 -> 146078.35 | J90: =SUM(I83:I91) -> 4494475.5 | K90: =+I58+J90 -> 7657420.5
B91: Ending | D91: =+D89+D90 -> 25000 | E91: 230 | G91: =+'Full Data New'!A230 -> 10-608-1800 - DBP Donations Purchases | H91: b | I91: =+'Full Data New'!D230 -> 15276.46
B93: Public Safety (p)
B94: Beginning | D94: 140121 | G94: Full Data | I94: =+'Full Data New'!D45-'Full Data New'!D232 -> -1890271.4
B95: Reclass from Cap Improv | D95: =-D106 -> 94000 | G95: Revenue | I95: =-J81 -> -1198723.2
B96: Changes | D96: =-I90 -> -146078.35 | G96: Expenses | I96: =+J90 -> 4494475.5
B97: Ending | D97: =+D95+D96+D94 -> 88042.65 | G97: Set Asides | I97: =-I19 -> -379878
G98: Operating | I98: =SUM(I94:I97) -> 1025602.9
B99: Beach Safety (b) | G99: Varaince / Check | I99: =+I98-I60 -> 0
B100: Begniing | D100: 38370
B101: Changes | D101: =-I91 -> -15276.46
B102: Ending | D102: =+D100+D101+D99 -> 23093.54
B104: Capital Improvements
B105: Beginning | D105: 121300
B106: Reclass to public Safety | D106: -94000
B107: Ending | D107: =+D105+D106 -> 27300
B109: Town Hall (t)
B110: Beginning | D110: 1710383
B111: Set Aside | D111: =+I18 -> 135515.19 | E111: Not included in f/s presentation
B112: Loan | D112: 3000000
B113: Donations | D113: =227600+154000 -> 381600
B114: Changes | D114: =+I81-I83-I85-I86-I89 -> -2658747.4
B115: Ending | D115: =SUM(D110:D114) -> 2568750.8
B117: Unassigned
B118: Beginning | D118: 928710
B119: Performance | D119: =+I60 -> 1025602.9
B120: Ending | D120: =+D118+D119 -> 1954312.9

Sheet Full Data New
B2: FY2027 05 - AUG Revenue | C2: FY2027 05 - AUG Budget | D2: FY2027 01-Apr - 05 - AUG YTD Revenue | E2: FY2027 01-Apr - 05 - AUG YTD Budget | F2: FY2027 01-Apr - 05 - AUG % of YTD Budget | G2: FY2027 Annual Revenue Budget | H2: FY2027 01-Apr - 05 - AUG % of Annual Budget
A3: REVENUE
A4: R01 - Transfer Tax | B4: =+B5 -> 46614.15 | C4: =+C5 -> 68000 | D4: =+D5 -> 523318.44 | E4: =+E5 -> 357000 | F4: =+D4/E4 -> 1.465878 | G4: =+G5 -> 850000 | H4: =+D4/G4 -> 0.61566875
A5: 10-400-0100 - Transfer Tax | B5: 46614.15 | C5: 68000 | D5: 523318.44 | E5: 357000 | F5: 1.4658 | G5: 850000 | H5: 0.6156
A6: R02 - Accommodation Tax | B6: =+B7 -> 1110.59 | C6: =+C7 -> 1900 | D6: =+D7 -> 75166.96 | E6: =+E7 -> 75300 | F6: =+D6/E6 -> 0.9982332 | G6: =+G7 -> 825000 | H6: =+D6/G6 -> 0.091111467
A7: 10-400-0200 - Accommodations Tax | B7: 1110.59 | C7: 1900 | D7: 75166.96 | E7: 75300 | F7: 0.9982 | G7: 825000 | H7: 0.0911
A8: R03 - Hotel Tax | B8: =+B9 -> 125317.92 | C8: =+C9 -> 105550 | D8: =+D9 -> 271030.38 | E8: =+E9 -> 235200 | F8: =+D8/E8 -> 1.1523401 | G8: =+G9 -> 475000 | H8: =+D8/G8 -> 0.57059027
A9: 10-400-0250 - Hotel Tax | B9: 125317.92 | C9: 105550 | D9: 271030.38 | E9: 235200 | F9: 1.1523 | G9: 475000 | H9: 0.5705
A10: R04 - Business Licenses | B10: =SUM(B11:B13) -> 15511 | C10: =SUM(C11:C13) -> 17030 | D10: =SUM(D11:D13) -> 606738.7 | E10: =SUM(E11:E13) -> 581900 | F10: =+D10/E10 -> 1.0426855 | G10: =SUM(G11:G13) -> 629826 | H10: =+D10/G10 -> 0.96334337
A11: 10-401-0050 - Business License Fines | B11: 500 | C11: 0 | D11: 1100 | E11: 0 | F11: 11 | G11: 0 | H11: 11
A12: 10-401-0100 - Rental License | B12: 4328 | C12: 8000 | D12: 180015 | E12: 173750 | F12: 1.036 | G12: 178446 | H12: 1.0087
A13: 10-401-0300 - Commerical Business | B13: 10683 | C13: 9030 | D13: 425623.7 | E13: 408150 | F13: 1.0428 | G13: 451380 | H13: 0.9429
A14: R05 - Parking Permits & Meters | B14: =SUM(B15:B17) -> 785407.41 | C14: =SUM(C15:C17) -> 402978 | D14: =SUM(D15:D17) -> 1811954.2 | E14: =SUM(E15:E17) -> 1874364 | F14: =+D14/E14 -> 0.96670349 | G14: =SUM(G15:G17) -> 2087740 | H14: =+D14/G14 -> 0.86790224
A15: 10-401-0500 - Seasonal | B15: 3150 | C15: 0 | D15: 492907.05 | E15: 480000 | F15: 1.0268 | G15: 480000 | H15: 1.0268
A16: 10-401-0600 - Daily | B16: =103277.18+55194.46 -> 158471.64 | C16: 88000 | D16: =222087.8+55194.46 -> 277282.26 | E16: 286000 | F16: 0.7765 | G16: 322740 | H16: 0.6881
A17: 10-401-0700 - Hourly Parking | B17: =336203.23+287582.54 -> 623785.77 | C17: 314978 | D17: =754182.37+287582.54 -> 1041764.9 | E17: 1108364 | F17: 0.6804 | G17: 1285000 | H17: 0.5869
A18: R06 - Building Permits | B18: =+B19 -> 61973.7 | C18: =+C19 -> 19000 | D18: =+D19 -> 310704.03 | E18: =+E19 -> 160225 | F18: =+D18/E18 -> 1.9391732 | G18: =+G19 -> 500000 | H18: =+D18/G18 -> 0.62140806
A19: 10-401-0800 - Building Permits | B19: 61973.7 | C19: 19000 | D19: 310704.03 | E19: 160225 | F19: 1.9391 | G19: 500000 | H19: 0.6214
A20: R07 - Total Fines | B20: =SUM(B21:B25) -> 141364.3 | C20: =SUM(C21:C25) -> 89550 | D20: =SUM(D21:D25) -> 466109.59 | E20: =SUM(E21:E25) -> 295725 | F20: =+D20/E20 -> 1.5761589 | G20: =SUM(G21:G25) -> 514500 | H20: =+D20/G20 -> 0.90594672
A21: 10-402-0100 - Parking Tickets | B21: 115179.42 | C21: 80000 | D21: 379827.41 | E21: 248000 | F21: 1.5315 | G21: 400000 | H21: 0.9495
A22: 10-402-0150 - Delinquent Parking Tickets | B22: 384.75 | C22: 0 | D22: 6479.75 | E22: 0 | F22: 64.7975 | G22: 0 | H22: 64.7975
A23: 10-402-0300 - Ordinance Fines & Court Costs | B23: 20436.29 | C23: 6675 | D23: 59407.07 | E23: 33350 | F23: 1.7813 | G23: 80000 | H23: 0.7425
A24: 10-402-0400 - Traffic Fines | B24: 3178 | C24: 2500 | D24: 12807.68 | E24: 12500 | F24: 1.0246 | G24: 30000 | H24: 0.4269
A25: 10-402-0700 - Fines - Other Courts | B25: 2185.84 | C25: 375 | D25: 7587.68 | E25: 1875 | F25: 4.0467 | G25: 4500 | H25: 1.6861
A26: R08 - All Other Revenue | B26: =SUM(B27:B44) -> 159577.22 | C26: =SUM(C27:C44) -> 97065 | D26: =SUM(D27:D44) -> 1702126.7 | E26: =SUM(E27:E44) -> 424375 | F26: =+D26/E26 -> 4.0109025 | G26: =SUM(G27:G44) -> 774500 | H26: =+D26/G26 -> 2.1977104
A27: 10-400-0300 - Cable TV Franchise | B27: 12331.17 | C27: 12500 | D27: 23368.51 | E27: 25000 | F27: 0.9347 | G27: 50000 | H27: 0.4673
A28: 10-400-0400 - Beach Concession Contract | B28: 42500 | C28: 42500 | D28: 85000 | E28: 85000 | F28: 1 | G28: 85000 | H28: 1
A29: 10-401-0850 - Builing Permit Application Fees | B29: 1500 | C29: 1650 | D29: 13050 | E29: 8300 | F29: 1.5722 | G29: 20000 | H29: 0.6525
A30: 10-401-0900 - Beach Fire | B30: 12350 | C30: 5300 | D30: 52020 | E30: 53000 | F30: 0.9815 | G30: 53000 | H30: 0.9815
A31: 10-401-1100 - Dog Licenses | B31: 10629.3 | C31: 4700 | D31: 47558.17 | E31: 23500 | F31: 2.0237 | G31: 56500 | H31: 0.8417
A32: 10-404-0000 - Misc / Other | B32: 0 | C32: 0 | D32: 23.55 | E32: 0 | F32: 0.2355 | G32: 0 | H32: 0.2355
A33: 10-404-0100 - Public Hearing Fees | B33: 2000 | C33: 125 | D33: 4500 | E33: 625 | F33: 7.2 | G33: 1500 | H33: 3 | J33: A | K33: M | L33: J | M33: J | N33: A
A34: 10-404-0300 - Interest Income - TOWN HALL | B34: 15440.17 | C34: =25000*0.4 -> 10000 | D34: =SUM(J34:N34) -> 60167.61 | E34: =125000*0.4 -> 50000 | F34: 1.1524 | G34: =300000*0.4 -> 120000 | H34: 0.4801 | J34: 5249.48 | K34: 9242.65 | L34: 14845.45 | M34: 15389.86 | N34: 15440.17
A35: 10-404-0300 - Interest Income - REMAINDER | B35: =29119.04-B34 -> 13678.87 | C35: =25000*0.6 -> 15000 | D35: =144054.91-D34 -> 83887.3 | E35: =125000*0.6 -> 75000 | F35: 1.1524 | G35: =300000*0.6 -> 180000 | H35: 0.4801
A36: 10-404-0500 - Donations | B36: 30 | C36: 0 | D36: 2240 | E36: 0 | F36: 22.4 | G36: 0 | H36: 22.4
A37: 10-404-0550 - Marketing Donations | B37: 0 | C37: 0 | D37: 6000 | E37: 0 | F37: 60 | G37: 0 | H37: 60
A38: 10-404-0600 - Police Reports | B38: 200 | C38: 80 | D38: 675 | E38: 410 | F38: 1.6463 | G38: 1000 | H38: 0.675
A39: 10-404-0700 - Police Extra Duty - Pay Jobs | B39: 15520 | C39: 5000 | D39: 17480 | E39: 55000 | F39: 0.3178 | G39: 60000 | H39: 0.2913
A40: 10-404-0750 - Police Grant Duty | B40: 3545.66 | C40: 0 | D40: 11992.98 | E40: 0 | F40: 119.9298 | G40: 0 | H40: 119.9298
A41: 10-404-0800 - Pension State Funding | B41: 0 | C41: 0 | D41: 59009.64 | E41: 47500 | F41: 1.2423 | G41: 95000 | H41: 0.6211
A42: 10-404-0900 - Misc | B42: 29852.05 | C42: 210 | D42: 96598.43 | E42: 1040 | F42: 92.8831 | G42: 2500 | H42: 38.6393
A43: 10-404-1000 - Town Hall Other | B43: 0 | C43: 0 | D43: 1138555.6 | E43: 0 | F43: 11385.556 | G43: 0 | H43: 11385.556
A44: 10-408-0200 - Annual in Perpetuity | B44: 0 | C44: 0 | D44: 0 | E44: 0 | F44: 0 | G44: 50000 | H44: 0
A45: Total Revenue | B45: =+B26+B20+B18+B14+B10+B8+B6+B4 -> 1336876.3 | C45: =+C26+C20+C18+C14+C10+C8+C6+C4 -> 801073 | D45: =+D26+D20+D18+D14+D10+D8+D6+D4 -> 5767149.1 | E45: =+E26+E20+E18+E14+E10+E8+E6+E4 -> 4004089 | F45: =+E45/G45 -> 0.60152472 | G45: =+G26+G20+G18+G14+G10+G8+G6+G4 -> 6656566 | H45: =+D45/G45 -> 0.86638502
B48: FY2027 05 - AUG Expense | C48: FY2027 05 - AUG Budget | D48: FY2027 01-Apr - 05 - AUG YTD Expense | E48: FY2027 01-Apr - 05 - AUG YTD Budget | F48: FY2027 01-Apr - 05 - AUG % of YTD Budget | G48: FY2027 Annual Expense Budget | H48: FY2027 01-Apr - 05 - AUG % of Annual Budget
A49: EXPENSE
A50: 601 - Town Expenses | B50: =SUM(B52:B90) -> 100757.04 | C50: =SUM(C52:C90) -> 96966 | D50: =SUM(D52:D90) -> 1067482.4 | E50: =SUM(E52:E90) -> 368777 | F50: =+D50/E50 -> 2.8946556 | G50: =SUM(G52:G90) -> 829400 | H50: =+D50/G50 -> 1.2870538
A51: E00 - Administrative
A52: 10-601-0101 - Banking, Collection & Credit Card Fees | B52: 1832.05 | C52: 3015 | D52: 11026.68 | E52: 15240 | F52: 0.7235 | G52: 36500 | H52: 0.3021
A53: 10-601-0150 - Bank Interest - LOAN | B53: 28589.17 | C53: 0 | D53: 28589.17 | E53: 0 | F53: 285.8917 | G53: 0 | H53: 285.8917
A54: 10-601-0200 - Commissioner & Committee Exp | B54: 150 | C54: 0 | D54: 700 | E54: 0 | F54: 7 | G54: 0 | H54: 7
A55: 10-601-0250 - Election Expenses | B55: 0 | C55: 1000 | D55: 0 | E55: 1500 | F55: 0 | G55: 5000 | H55: 0
A56: 10-601-0300 - Donations | B56: 0 | C56: 0 | D56: 0 | E56: 0 | F56: 0 | G56: 15000 | H56: 0
A57: 10-601-0400 - Code Update | B57: 0 | C57: 835 | D57: 6335 | E57: 4170 | F57: 1.5191 | G57: 10000 | H57: 0.6335
A58: 10-601-0500 - Legal Fees - Regular | B58: 4537.5 | C58: 5825 | D58: 42355 | E58: 29175 | F58: 1.4517 | G58: 70000 | H58: 0.605
A59: 10-601-0600 - Audit Fees | B59: 1150 | C59: 33750 | D59: 40125 | E59: 67500 | F59: 0.5944 | G59: 67500 | H59: 0.5944
A60: 10-601-0800 - Beach & Marketing Events | B60: 201.98 | C60: 250 | D60: 3939.54 | E60: 1250 | F60: 3.1516 | G60: 3000 | H60: 1.3131
A61: 10-601-0850 - Donation / Sponsorship Purchase | B61: 0 | C61: 0 | D61: 12258.98 | E61: 0 | F61: 122.5898 | G61: 0 | H61: 122.5898
A62: 10-601-0900 - Computer Hardware, Software & Support | B62: 12406.56 | C62: 10325 | D62: 52154.06 | E62: 51625 | F62: 1.0102 | G62: 123900 | H62: 0.4209
A63: 10-601-1000 - Employee Bonuses | B63: 0 | C63: 3000 | D63: 0 | E63: 3000 | F63: 0 | G63: 30000 | H63: 0
... A66: 10-601-1100 - Legal Ads | B66: 440.55 | C66: 415 | D66: 6667.21 | E66: 2075 | F66: 3.2131 | G66: 5000 | H66: 1.3334
A67: 10-601-1200 - Dues Publications & Subscriptio | B67: 477.88 | C67: 415 | D67: =84703.03-38799.96 -> 45903.07 | E67: 2075 | F67: =+D67/E67 -> 22.121961 | G67: 5000 | H67: 16.9406
A68: 10-601-1200 - Dues Publications & Subscriptio - PD | B68: 0 | C68: 0 | D68: =84703.03-45903 -> 38800.03 | H68: 16.9406
A69: 10-601-1300 - Cleaning | B69: 425 | C69: 1250 | D69: 6363.24 | E69: 6250 | F69: 1.0181 | G69: 15000 | H69: 0.4242
A70: 10-601-1325 - Pest Control | B70: 0 | C70: 0 | D70: 0 | E70: 500 | F70: 0 | G70: 1000 | H70: 0
A71: 10-601-1350 - Building Maintenance | B71: 246.4 | C71: 333 | D71: 686.22 | E71: 1666 | F71: 0.4118 | G71: 4000 | H71: 0.1715
A72: 10-601-1375 - Utilities | B72: 8296.43 | C72: 5500 | D72: 28133.1 | E72: 27500 | F72: 1.023 | G72: 66000 | H72: 0.4262
A73: 10-601-1500 - Gas | B73: 11804.98 | C73: 5835 | D73: 33103.55 | E73: 29170 | F73: 1.1348 | G73: 70000 | H73: 0.4729
A74: 10-601-1525 - Electric Vehicle Charging | B74: 37.01 | C74: 417 | D74: 1526.33 | E74: 2083 | F74: 0.7327 | G74: 5000 | H74: 0.3052
A75: 10-601-1550 - Mileage Reimbursement | B75: 415 | C75: 584 | D75: 2446.94 | E75: 2917 | F75: 0.8388 | G75: 7000 | H75: 0.3495
A76: 10-601-1575 - Auto Maintenance & Repairs | B76: 1570.04 | C76: 4167 | D76: 43554.6 | E76: 20833 | F76: 2.0906 | G76: 50000 | H76: 0.871
A77: 10-601-1600 - Postage | B77: 2790.49 | C77: 1250 | D77: 9084.29 | E77: 6250 | F77: 1.4534 | G77: 15000 | H77: 0.6056
A78: 10-601-1700 - Professional Fees | B78: 4800.22 | C78: 5833 | D78: =55535.24-D79 -> 35535.24 | E78: 29166 | F78: 1.9041 | G78: 70000 | H78: 0.7933
A79: 10-601-1700 - Professional Fees - COMP PLAN | B79: 0 | C79: 0 | D79: 20000 | E79: 0 | F79: 0 | G79: 0 | H79: 0
A80: 10-601-1800 - Supplies | B80: 11927.7 | C80: 3167 | D80: 28714.17 | E80: 15833 | F80: 1.8135 | G80: 38000 | H80: 0.7556
A81: E10 - Operating
A82: 10-601-2002 - Bayard Avenue Operating | B82: 205.56 | C82: 625 | D82: 604.37 | E82: 3125 | F82: 0.1933 | G82: 7500 | H82: 0.0805
A83: 10-601-2100 - Beautification | B83: 277.58 | C83: 0 | D83: 5834.18 | E83: 0 | F83: 58.3418 | G83: 0 | H83: 58.3418
A84: 10-601-2200 - Trash | B84: 1575.07 | C84: 5000 | D84: 30568.1 | E84: 25000 | F84: 1.2227 | G84: 60000 | H84: 0.5094
A85: 10-601-2300 - Street Signs / Lights | B85: 1056.47 | C85: 1667 | D85: 8090.88 | E85: 8333 | F85: 0.9709 | G85: 20000 | H85: 0.4045
A86: 10-601-2400 - Parking Meter / Permit Expenses | B86: 95 | C86: 833 | D86: 12519.64 | E86: 4166 | F86: 3.0051 | G86: 10000 | H86: 1.2519
A87: 10-601-2700 - Town Hall Property Expenses | B87: -813.16 | C87: 0 | D87: -51.62 | E87: 0 | F87: -0.5162 | G87: 0 | H87: -0.5162
A88: 10-601-2725 - Rental Expense | B88: 836.33 | C88: 0 | D88: 2508.99 | E88: 0 | F88: 25.0899 | G88: 0 | H88: 25.0899
A89: 10-601-2750 - Town Street Projects | B89: 835 | C89: 0 | D89: 3070.75 | E89: 0 | F89: 30.7075 | G89: 0 | H89: 30.7075
A90: 10-601-2800 - Storm Water / Street Flooding | B90: 782.43 | C90: 0 | D90: 512746.98 | E90: 0 | F90: 5127.4698 | G90: 0 | H90: 5127.4698
A91: 602 - Administration | B91: =SUM(B92:B108) -> 212030.11 | C91: =SUM(C92:C108) -> 50618 | D91: =SUM(D92:D108) -> 4032631.3 | E91: =SUM(E92:E108) -> 268961 | F91: =+D91/E91 -> 14.993368 | G91: =SUM(G92:G108) -> 634797 | H91: =+D91/G91 -> 6.3526313
A92: E01 - Employee Expenses
A93: 10-602-0101 - Salary & Wages | B93: 31406.65 | C93: 31285 | D93: 177788.78 | E93: 172072 | F93: 1.0332 | G93: 406712 | H93: 0.4371
A94: 10-602-0102 - Overtime | B94: 925.51 | C94: 665 | D94: 6436.62 | E94: 3658 | F94: 1.7596 | G94: 8650 | H94: 0.7441
A95: 10-602-0110 - Payroll Taxes | B95: 2757.64 | C95: 2700 | D95: 15182.17 | E95: 14850 | F95: 1.0223 | G95: 35098 | H95: 0.4325
A96: 10-602-0130 - Employee Benefits | B96: 7463.4 | C96: 7576 | D96: 36885.77 | E96: 37880 | F96: 0.9737 | G96: 90912 | H96: 0.4057
A97: 10-602-0140 - Pension Plan | B97: 382.38 | C97: 340 | D97: 2102.41 | E97: 1870 | F97: 1.1242 | G97: 4419 | H97: 0.4757
A98: 10-602-0150 - Uniforms | B98: 0 | C98: 42 | D98: 74.76 | E98: 208 | F98: 0.3594 | G98: 500 | H98: 0.1495
A99: 10-602-0160 - Workers Comp | B99: 0 | C99: 42 | D99: 72.08 | E99: 229 | F99: 0.3147 | G99: 541 | H99: 0.1332
A100: E03 - Seasonal Employee Expenses
A101: 10-602-0301 - Salary & Wages | B101: 1533.06 | C101: 1000 | D101: 5114.79 | E101: 3500 | F101: 1.4613 | G101: 5000 | H101: 1.0229
A102: 10-602-0310 - Payroll Taxes | B102: 130.37 | C102: 90 | D102: 412.35 | E102: 315 | F102: 1.309 | G102: 450 | H102: 0.9163
A103: 10-602-0360 - Workers Comp | B103: 0 | C103: 1 | D103: 0.9 | E103: 6 | F103: 0.15 | G103: 15 | H103: 0.06
A104: E10 - Operating
A105: 10-602-1200 - Insurance | B105: 0 | C105: 5835 | D105: 18932.69 | E105: 29165 | F105: 0.6491 | G105: 70000 | H105: 0.2704
...
